Map: 포트 알렉산더 - 래더

Players

Ragnarok (SHIN) - Winner!

  • Race: Zerg Zerg
  • Spawn Location: 5:00

gumiho

  • Race: Terran Terran
  • Spawn Location: 11:00

Event: IEM Season 13: Katowice (2019)

VOD

Have the link to the VOD?

Description

Time

  • Played on: March 1, 2019, 5:05 a.m.
  • Length: 17:23

All games in this series

Show
View Real Time Build Order
Export as new Build Order

Ragnarok Zerg - Winner!

Build Orders: Hatch First, Roach Hydra 

Get SALT Encoding   

  12  0:00  Drone  
  13  0:08  Drone  
  14  0:17  Overlord  
  14  0:23  Drone, Extractor  
  15  0:36  Drone x2  
  17  0:52  Hatchery  
  17  0:56  Drone  
  17  0:59  Drone  
  18  1:11  Extractor  
  18  1:14  Spawning Pool  
  18  1:17  Drone  
  17  1:20  Drone  
  18  1:30  Drone  
  19  1:39  Drone  
  20  1:50  Drone  
  21  2:03  Queen  
  21  2:04  Queen  
  21  2:05  Zergling x4  
  27  2:12  Drone  
  28  2:19  Hatchery  
  27  2:24  Overlord  
  27  2:32  Metabolic Boost  
  27  2:37  Drone  
  27  2:42  Queen  
  27  2:44  Drone  
  31  2:47  Drone  
  31  2:48  Drone  
  33  2:51  Drone  
  33  2:57  Overlord  
  34  2:59  Drone  
  34  3:01  Drone  
  36  3:11  Overlord  
  36  3:15  Overlord  
  36  3:17  Drone x2  
  36  3:18  Drone  
  36  3:19  Drone  
  40  3:24  Queen  
  42  3:32  Queen  
  42  3:33  Drone  
  45  3:35  Drone  
  45  3:36  Drone  
  47  3:42  Queen  
  47  3:44  Zergling x2  
  47  3:45  Zergling x2  
  47  3:47  Zergling x2  
  52  3:49  Zergling x2  
  53  3:56  Drone x2, Overlord  
  53  4:00  Drone x2  
  53  4:01  Drone  
  58  4:09  Queen  
  60  4:11  Drone  
  60  4:12  Spore Crawler  
  60  4:13  Drone  
  61  4:20  Spore Crawler  
  61  4:21  Lair  
  61  4:23  Overlord  
  60  4:25  Zergling x4  
  60  4:28  Drone  
  60  4:30  Drone x2  
  65  4:32  Drone  
  65  4:37  Spore Crawler, Drone x2  
  67  4:42  Drone x3  
  67  4:43  Drone  
  71  4:47  Drone x2  
  71  4:49  Drone  
  72  4:53  Queen  
  74  5:00  Roach Warren  
  74  5:01  Zergling x2  
  74  5:03  Overlord  
  74  5:05  Extractor x2  
  74  5:06  Overlord  
  72  5:09  Zergling x2  
  72  5:10  Drone  
  74  5:14  Extractor  
  74  5:15  Drone  
  74  5:16  Extractor  
  74  5:19  Drone, Overlord  
  74  5:20  Overlord  
  74  5:22  Drone x2  
  74  5:23  Drone x2  
  74  5:25  Drone  
  74  5:26  Drone  
  79  5:34  Drone  
  80  5:35  Overlord  
  80  5:39  Roach x4  
  80  5:40  Roach, Overseer  
  90  5:42  Glial Reconstitution  
  90  5:47  Evolution Chamber  
  90  5:48  Evolution Chamber  
  88  5:50  Drone x2  
  88  5:54  Roach x3  
  96  5:58  Drone  
  96  5:59  Drone  
  96  6:03  Drone x2  
  96  6:04  Drone x3  
  103  6:07  Overseer  
  103  6:09  Roach x2  
  107  6:14  Drone x3  
  110  6:18  Extractor  
  110  6:20  Drone x2  
  110  6:21  Zerg Missile Weapons Level 1  
  110  6:23  Zerg Ground Armor Level 1  
  111  6:28  Drone x2  
  111  6:30  Drone, Hydralisk Den  
  111  6:32  Queen  
  109  6:36  Drone x2  
  109  6:37  Drone  
  109  6:39  Drone  
  113  6:46  Hatchery  
  109  6:56  Roach x2  
  109  6:57  Roach  
  113  7:01  Drone  
  114  7:10  Grooved Spines, Overlord  
  114  7:11  Overlord x2  
  114  7:12  Infestation Pit  
  114  7:15  Overlord  
  109  7:23  Drone x4  
  110  7:31  Drone x3, Hatchery  
  110  7:33  Drone x2  
  110  7:34  Drone  
  105  7:37  Roach x2  
  105  7:40  Ravager  
  105  7:41  Ravager x5  
  115  7:45  Queen  
  115  7:46  Hydralisk  
  115  7:47  Hydralisk  
  121  7:52  Hive  
  121  7:56  Hydralisk x2  
  125  8:01  Spore Crawler  
  125  8:03  Hydralisk x3  
  130  8:07  Overlord  
  130  8:08  Overlord  
  130  8:10  Overlord  
  130  8:12  Overlord  
  130  8:21  Muscular Augments  
  130  8:23  Zerg Ground Armor Level 2, Zerg Missile Weapons Level 2  
  130  8:25  Hydralisk x2  
  130  8:26  Overseer  
  134  8:32  Hydralisk x2  
  134  8:33  Hydralisk  
  140  8:37  Drone x3  
  140  8:39  Drone  
  140  8:40  Drone  
  140  8:41  Drone  
  146  8:42  Drone  
  146  8:44  Drone x2  
  146  8:45  Drone  
  146  8:48  Extractor  
  149  8:49  Extractor  
  149  8:54  Overlord x2  
  149  8:55  Overlord  
  148  8:58  Spore Crawler  
  148  9:00  Drone  
  148  9:06  Viper  
  148  9:07  Viper  
  148  9:09  Overlord x2, Viper  
  157  9:17  Hydralisk x2  
  157  9:18  Hydralisk  
  157  9:19  Overlord x2  
  157  9:22  Drone  
  163  9:28  Hydralisk x4  
  171  9:31  Overlord  
  171  9:38  Hatchery  
  170  9:40  Hydralisk x2  
  162  9:50  Viper x2  
  162  9:52  Hydralisk  
  165  9:56  Hydralisk  
  165  9:57  Roach x3  
  165  9:59  Drone  
  173  10:00  Drone x3  
  173  10:03  Hydralisk x2  
  179  10:11  Roach x2  
  179  10:12  Nydus Network  
  176  10:14  Overlord  
  176  10:17  Overseer x2  
  176  10:19  Hydralisk  
  176  10:20  Roach x2  
  182  10:26  Drone x2  
  182  10:27  Drone  
  185  10:28  Hydralisk  
  185  10:29  Hydralisk x2  
  191  10:35  Extractor  
  191  10:36  Extractor, Spine Crawler, Overlord x2  
  191  10:37  Spine Crawler  
  187  10:50  Nydus Canal, Hydralisk  
  187  10:51  Hydralisk x5  
  187  10:53  Pneumatized Carapace  
  199  11:00  Drone  
  199  11:02  Drone x2  
  199  11:30  Hydralisk x4  
  199  11:31  Hydralisk x3  
  189  11:33  Roach x4  
  189  11:34  Roach x4  
  195  11:40  Roach x3  
  195  11:42  Zerg Missile Weapons Level 3, Zerg Ground Armor Level 3  
  195  11:46  Roach  
  199  11:52  Roach x3  
  199  11:56  Hydralisk  
  199  11:57  Roach x3  
  186  12:02  Roach x3  
  186  12:03  Roach x5  
  186  12:05  Roach x2  
  186  12:07  Roach  
  186  12:08  Roach  
  179  12:10  Roach  
  179  12:11  Roach  
  179  12:13  Hydralisk  
  179  12:15  Roach  
  170  12:17  Roach  
  170  12:19  Roach  
  170  12:20  Roach  
  170  12:22  Roach  
  151  12:23  Drone x2  
  151  12:27  Roach x2  
  155  12:30  Roach  
  155  12:33  Viper x2  
  155  12:36  Drone x2  
  159  12:37  Drone  
  159  12:38  Drone  
  159  12:40  Hydralisk  
  159  12:42  Hydralisk  
  165  12:45  Hydralisk  
  165  12:50  Nydus Canal  
  165  12:51  Hydralisk x2  
  167  12:58  Hydralisk  
  171  12:59  Roach x2  
  171  13:00  Roach  
  171  13:04  Nydus Canal  
  171  13:05  Hydralisk  
  181  13:06  Roach  
  181  13:07  Hydralisk  
  181  13:09  Roach  
  185  13:15  Roach x2  
  185  13:16  Roach x2  
  185  13:18  Roach  
  187  13:22  Roach  
  187  13:23  Roach x2  
  187  13:25  Overlord  
  187  13:26  Roach  
  191  13:28  Roach  
  191  13:32  Roach x2  
  191  13:33  Viper  
  190  13:37  Drone x3  
  190  13:41  Drone x2  
  181  13:43  Hydralisk  
  181  13:44  Roach  
  181  13:47  Roach x2  
  189  13:48  Roach  
  189  13:53  Spore Crawler  
  189  13:54  Spore Crawler  
  189  13:55  Viper x2  
  187  13:57  Hydralisk  
  187  13:58  Roach x2  
  187  14:02  Hydralisk  
  191  14:03  Roach x2  
  191  14:05  Hydralisk  
  191  14:06  Roach  
  191  14:07  Roach  
  187  14:10  Roach, Nydus Canal  
  187  14:13  Roach, Hydralisk  
  187  14:15  Roach  
  187  14:16  Roach  
  195  14:18  Hydralisk  
  195  14:19  Roach  
  197  14:29  Nydus Canal  
  197  14:31  Hydralisk x3  
  185  14:32  Hydralisk x4  
  199  14:43  Hatchery  
  199  14:44  Hydralisk  
  200  14:48  Nydus Canal  
  200  14:54  Extractor  
  199  15:03  Nydus Canal, Hydralisk  
  199  15:04  Hydralisk x8  
  197  15:11  Spire  
  197  15:13  Nydus Canal  
  190  15:15  Hydralisk  
  190  15:16  Roach  
  190  15:18  Roach  
  190  15:19  Roach  
  190  15:20  Roach  
  184  15:21  Roach  
  184  15:23  Roach x2  
  184  15:26  Roach x2  
  184  15:27  Roach  
  194  15:31  Roach x2  
  194  15:33  Overlord  
  194  15:34  Overlord  
  198  15:35  Overlord  
  198  15:36  Overlord  
  198  15:38  Nydus Canal  
  194  15:53  Hydralisk  
  194  15:54  Hydralisk x7  
  188  15:58  Hydralisk  
  188  15:59  Hydralisk  
  188  16:02  Overseer  
  188  16:03  Overseer  
  192  16:08  Hydralisk x2  
  196  16:15  Drone  
  196  16:16  Drone  
  196  16:17  Drone x2  
  189  16:26  Hydralisk x8  
  189  16:27  Hydralisk  
  189  16:28  Extractor  
  189  16:30  Hydralisk x2  
  189  16:31  Extractor  
  196  16:34  Roach  
  196  16:37  Roach x2  
  200  16:41  Roach x4  
  200  16:42  Roach x2  
  200  16:43  Roach  
  200  16:45  Roach  
  184  16:47  Roach x2  
  184  16:51  Roach x3  
  184  16:53  Roach  
  174  16:55  Roach  
  174  16:58  Drone x3  
  170  17:03  Roach x2  
  170  17:04  Roach x2  
Show
View Real Time Build Order
Export as new Build Order

gumiho Terran 

Build Orders: Liberator Opening 

Get SALT Encoding   

  12  0:00  SCV  
  13  0:12  SCV  
  14  0:20  Supply Depot  
  14  0:24  SCV  
  15  0:29  Refinery  
  15  0:41  SCV  
  16  0:46  Barracks  
  16  0:53  SCV  
  17  1:05  SCV  
  18  1:18  SCV  
  20  1:33  Orbital Command  
  20  1:34  Reaper  
  20  1:44  Command Center  
  20  1:56  Factory  
  20  1:59  SCV  
  21  2:05  Refinery  
  21  2:08  Barracks Reactor  
  21  2:11  SCV  
  22  2:16  Supply Depot  
  22  2:23  SCV  
  23  2:38  SCV  
  24  2:48  Starport  
  24  2:50  SCV  
  24  2:51  Hellion x2  
  29  2:54  Marine  
  30  2:58  Orbital Command  
  30  3:02  SCV  
  31  3:07  Liberator  
  31  3:12  Hellion  
  33  3:14  Hellion  
  33  3:16  SCV  
  36  3:25  SCV  
  40  3:29  SCV  
  40  3:33  Supply Depot  
  41  3:41  Hellion x2  
  45  3:44  SCV  
  46  3:49  Supply Depot  
  46  3:54  SCV  
  47  3:56  SCV  
  47  4:02  Hellion x2  
  52  4:06  Armory, SCV  
  52  4:08  Starport Tech Lab  
  53  4:11  SCV  
  54  4:17  Supply Depot  
  54  4:19  SCV  
  54  4:23  SCV  
  56  4:29  Banshee  
  56  4:31  SCV  
  60  4:34  Hyperflight Rotors  
  60  4:36  SCV  
  61  4:43  SCV  
  60  4:48  Hellion  
  60  4:49  Hellion  
  60  4:50  SCV  
  65  4:55  SCV  
  65  4:59  Supply Depot  
  66  5:03  SCV  
  66  5:06  Command Center  
  67  5:12  Banshee  
  70  5:20  Refinery, SCV x2  
  72  5:21  Refinery  
  72  5:31  Factory x2  
  72  5:32  SCV x2  
  74  5:36  Hellion  
  74  5:37  Hellion  
  78  5:44  Terran Vehicle And Ship Armor Level 1  
  78  6:01  Supply Depot  
  78  6:04  SCV x2  
  78  6:10  Factory  
  80  6:14  Factory  
  80  6:15  Hellion x2, Factory Tech Lab x2  
  80  6:16  SCV x2  
  86  6:19  Orbital Command  
  86  6:28  SCV x2  
  85  6:36  Hellion  
  85  6:38  Orbital Command  
  85  6:39  Cyclone  
  90  6:40  SCV x2  
  90  6:42  Mag-Field Accelerator, Cyclone  
  95  6:52  SCV x2  
  95  6:58  Hellion x6  
  95  7:04  SCV x2  
  95  7:07  Factory Tech Lab x2  
  97  7:11  Banshee, Cyclone  
  97  7:14  SCV, Cyclone  
  101  7:17  SCV x2  
  99  7:24  Hellion x2  
  99  7:26  SCV  
  99  7:29  Supply Depot, SCV x2  
  106  7:34  Cyclone  
  106  7:35  Infernal Pre-Igniter  
  101  7:38  SCV  
  101  7:41  Refinery, SCV x2  
  101  7:42  Refinery  
  104  7:50  SCV  
  108  7:55  Supply Depot  
  108  7:56  Supply Depot  
  108  7:57  Supply Depot  
  108  8:04  SCV x3  
  111  8:07  Starport Reactor, Cyclone  
  111  8:09  Engineering Bay  
  111  8:10  Hellion x3  
  111  8:12  Command Center  
  117  8:17  Cyclone  
  117  8:19  Terran Vehicle And Ship Armor Level 2  
  120  8:20  Supply Depot x2  
  120  8:21  Supply Depot  
  120  8:29  SCV x2  
  120  8:30  SCV  
  123  8:35  Cyclone x2  
  123  8:39  Cyclone  
  132  8:42  Hellion x2  
  132  8:45  Factory  
  132  8:46  Factory  
  132  8:47  SCV x3  
  136  8:59  SCV  
  136  9:01  Medivac x2  
  141  9:11  Cyclone x2  
  141  9:12  Hellion x3  
  141  9:13  Hellion  
  155  9:29  Planetary Fortress  
  155  9:32  Refinery  
  155  9:33  Hellion, Cyclone  
  155  9:34  Hellion, Cyclone  
  155  9:35  Medivac  
  164  9:43  Hellion, Medivac  
  162  9:47  Cyclone  
  157  9:56  Hellion x2  
  157  9:57  Factory Tech Lab  
  157  9:58  Factory Reactor  
  159  10:04  Cyclone  
  162  10:08  Cyclone  
  162  10:09  Supply Depot, Hellion  
  162  10:10  Supply Depot  
  162  10:16  Cyclone  
  162  10:17  Hellion x2  
  162  10:20  Cyclone  
  168  10:27  Command Center  
  168  10:30  Hellion  
  168  10:31  Sensor Tower  
  168  10:35  Terran Vehicle Weapons Level 1  
  170  10:36  Hellion x2  
  170  10:37  Hellion  
  170  10:40  Cyclone  
  179  10:46  Medivac x2  
  179  10:48  Cyclone  
  186  10:55  Cyclone  
  193  10:57  Hellion x2  
  191  11:05  Cyclone x2  
  191  11:06  Hellion x2  
  197  11:12  Cyclone  
  197  11:17  Missile Turret  
  200  11:18  Missile Turret  
  200  11:21  Armory  
  200  11:31  Cyclone  
  198  11:35  Hellion  
  198  11:37  Hellion  
  197  11:55  Cyclone  
  197  11:56  Cyclone  
  185  12:02  Cyclone  
  185  12:03  Hellion x2  
  185  12:04  Cyclone  
  185  12:05  Hellion x3  
  185  12:07  Medivac x2  
  195  12:14  Command Center  
  158  12:24  Hellion x2  
  158  12:26  Hellion x2, Cyclone  
  158  12:28  Hellion, Cyclone  
  162  12:35  Hellion  
  162  12:36  Hellion  
  164  12:37  Medivac x2  
  168  12:45  Hellion  
  168  12:46  Hellion  
  168  12:47  Hellion  
  168  12:50  Barracks  
  174  13:02  Hellion x2  
  174  13:04  Hellion x2, Cyclone x2  
  188  13:07  Medivac x2  
  183  13:16  Hellion  
  178  13:22  Liberator  
  178  13:23  Liberator, Cyclone  
  178  13:26  Orbital Command  
  172  13:31  Armory  
  155  13:37  Siege Tank x2  
  155  13:38  Armory, Hellion x2  
  165  13:48  SCV x2, Sensor Tower  
  165  13:53  Hellion, Siege Tank  
  165  13:54  Hellion x2  
  171  14:07  SCV x3  
  174  14:10  Planetary Fortress  
  174  14:12  Hellion x3  
  179  14:22  SCV  
  179  14:23  SCV x3  
  166  14:33  Cyclone  
  166  14:34  SCV  
  170  14:47  Hellion x4  
  170  14:51  SCV x2  
  170  14:52  Orbital Command  
  180  14:54  Refinery  
  180  14:55  Hellion  
  180  14:59  Cyclone  
  185  15:04  Hellion  
  182  15:11  Cyclone  
  181  15:23  Cyclone  
  181  15:24  Hellion x5  
  181  15:25  Hellion  
  194  15:35  Supply Depot, Refinery  
  194  15:40  Hellion  
  194  15:45  Orbital Command  
  185  15:51  Cyclone  
  185  15:53  Cyclone  
  178  15:58  Hellion  
  180  16:05  Supply Depot  
  180  16:06  Supply Depot  
  180  16:08  Hellion  
  180  16:22  Hellion x3  
  177  16:28  Cyclone x2  
  177  16:30  Cyclone  
  173  16:34  Hellion x3  
  172  16:43  Cyclone  
  132  16:52  Hellion x2  
  106  16:57  Hellion  
  106  17:00  Hellion  

Tags
 
Add a new tag
Caveats
  • Supply blocks, unpowered buildings, or Contaminate may cause inaccurate times.
  • Supply counts are checked every 10 seconds.